 Dungeon Crawl Stone Soup version 0.22.0-75-g3901e79 (webtiles) character file.

11167 Fang the Cleaver (level 11, 0/72 HPs)
             Began as a Gargoyle Berserker on Sept 14, 2018.
             Was a High Priest of Trog.
             Shot with a sling bullet by Joseph (8 damage)
             ... on level 10 of the Dungeon.
             The game lasted 00:22:39 (11597 turns).

Fang the Cleaver (Gargoyle Berserker)              Turns: 11597, Time: 00:22:40

Health: 0/72       AC: 15    Str: 24    XL:     11   Next: 73%
Magic:  11/11      EV: 18    Int:  6    God:    Trog [*****.]
Gold:   1722       SH:  0    Dex: 15    Spells: 10/10 levels left

rFire    . . .     SeeInvis +   d - +3 hand axe (freeze)
rCold    . . .     Gourm    .   (no shield)
rNeg     + . .     Faith    .   D - +1 ring mail of Goamepn {+Inv rPois Int-2 Dex+6}
rPois    ∞         Spirit   .   (no helmet)
rElec    +         Reflect  .   (no cloak)
rCorr    .         Harm     .   (no gloves)
MR       +....                  (no boots)
Stlth    ++........             (no amulet)
HPRegen  0.22/turn              g - ring of see invisible
MPRegen  0.12/turn              y - +4 ring of evasion

@: berserk cooldown, slowed, very slow
A: hooves 1, magic resistance 1, negative energy resistance 1, electricity
resistance, unbreathing, petrification resistance, rot immunity, AC +8
a: Berserk, Trog's Hand, Brothers in Arms, Renounce Religion, Evoke Invisibility


You were on level 10 of the Dungeon.
You worshipped Trog.
Trog was extremely pleased with you.
You were not hungry.

You visited 2 branches of the dungeon, and saw 11 of its levels.
You also visited: Bailey.

You collected 1722 gold pieces.

Inventory:

Hand Weapons
 a - a +2 hand axe
 d - a +3 hand axe of freezing (weapon)
Missiles
 A - 33 tomahawks of returning (quivered)
Armour
 b - the +15 Maxwell's patent armour {-Cast -Tele rElec MR+ rCorr}
   (You took it off a wight on level 4 of the Dungeon)

   It insulates you from electricity.
   It affects your resistance to hostile enchantments.
   It prevents spellcasting.
   It prevents most forms of teleportation.
   It provides partial protection from all sources of acid and corrosion.
 f - a +4 ring mail of magic resistance
 D - the +1 ring mail of Goamepn (worn) {+Inv rPois Int-2 Dex+6}
   (You found it on level 8 of the Dungeon)

   It affects your intelligence (-2).
   It affects your dexterity (+6).
   It protects you from poison.
   It lets you turn invisible.
Jewellery
 g - a ring of see invisible (left hand)
 o - an uncursed ring of protection from fire
 w - an uncursed ring of fire
 y - a +4 ring of evasion (right hand)
 E - a +2 ring of dexterity {unknown}
Wands
 s - a wand of random effects (58)
 x - a wand of flame (16)
 C - a wand of enslavement (9)
 F - a wand of acid (3)
Scrolls
 e - 6 scrolls of fog
 h - 7 scrolls of teleportation
 i - 9 scrolls of identify
 r - a scroll of enchant armour
 v - 5 scrolls of remove curse
 B - a scroll of blinking {unknown}
Potions
 j - 2 potions of heal wounds
 k - 9 potions of curing
 l - 2 potions of brilliance
 m - 2 potions of lignification
 n - 5 potions of flight
 p - 3 potions of haste
 q - 2 potions of resistance
 t - 3 potions of might
 u - a potion of magic
 z - 2 potions of ambrosia
 G - 2 potions of agility {unknown}
Comestibles
 c - 26 rations
 H - 2 chunks of flesh


   Skills:
 + Level 9.8 Fighting
 + Level 12.2 Axes
 + Level 7.8 Armour
 + Level 5.1 Dodging
 + Level 3.1 Stealth


You had 10 spell levels left.
You didn't know any spells.
Your spell library was empty.

Dungeon Overview and Level Annotations

Branches:
Dungeon (10/15)            Temple (1/1) D:7
   Lair: D:8-11         Orc: D:9-12

Altars:
Fedhas
Kikubaaqudgha
Sif Muna
Trog
Uskayaw
Wu Jian
Yredelemnul

Shops:
D:5 }   D:6 !   D:7 *}?*[   D:8 *

Annotations:
D:2 exclusion: oklob plant
D:10 Joseph


Innate Abilities, Weirdness & Mutations

You are resistant to torment.
Your stone body is resilient. (AC +8)
You are immune to poison.
You resist negative energy. (rN+)
You are resistant to electric shocks. (rElec)
You can survive without breathing.
You are immune to petrification.
You are immune to rotting.
You have large cloven feet.
You are resistant to hostile enchantments. (MR+)


Message History

The wizard gestures wildly while chanting.
The wizard seems to speed up.
The wizard misses you. The wizard closely misses you.
Things that are here:
a sling bullet; a throwing net Your surroundings suddenly seem different.
You start resting.
Eating one of 3 chunks of flesh.
You eat one of the 3 chunks of flesh.
This raw flesh tastes terrible.
The wizard is too close now for your liking.
There are monsters nearby!
There are monsters nearby!
There are monsters nearby!
Okay, then.
The wizard closely misses you. The wizard hits you but does no damage.
Joseph shoots a sling bullet.
The sling bullet hits you!
* * * LOW HITPOINT WARNING * * *
The wizard hits you but does no damage.
Joseph shoots a sling bullet.
The sling bullet hits you!
You die...

#########
##.......#
#........##
#.p..@.....
#@.###....# #.
#..#(#....####.###
#..###....#.......
#.........#.......
#.)(......#.......
#........##.......
###(..............
#..##...........
#()#............


You could see Joseph, a wizard and an enchanted double sword.

Vanquished Creatures
  Erica (D:9)
  An orc knight (D:10)
  An ugly thing (D:6)
  Grinder (D:4)
  Prince Ribbit (D:8)
  A hippogriff (D:8)
  A wyvern (D:10)
  A vampire (D:9)
  A spriggan (D:7)
  10 yaks (D:9)
  The ghost of Tsarbomb the Chopper, an amateur HOFi (D:4)
  A wraith (D:8)
  Grum (D:8)
  3 hungry ghosts
  A water moccasin (D:7)
  Edmund (D:4)
  Duvessa (D:5)
  7 orc warriors
  2 black bears (D:7)
  An ice beast (D:7)
  A phantom (D:5)
  3 necrophages
  5 ogres
  4 wolves (D:8)
  5 centaurs
  3 big kobolds
  Blork the orc (D:4)
  5 bullfrogs
  Dowan (D:5)
  3 scorpions
  9 killer bees
  5 wights
  3 electric eels (D:10)
  6 howler monkeys
  A crimson imp (D:8)
  A bullfrog zombie (D:7)
  A jelly (D:6)
  3 orc priests
  A gnoll shaman (D:9)
  4 hounds
  A bullfrog skeleton (D:9)
  9 worker ants
  2 iguanas
  10 orc wizards
  Natasha (thrice) (D:2)
  A hound zombie (D:6)
  A howler monkey zombie (D:5)
  Robin (D:3)
  10 gnolls
  10 adders
  A howler monkey skeleton (D:5)
  4 shadow imps
  2 oozes
  An adder skeleton (D:5)
  2 worms
  2 dart slugs (D:1)
  6 leopard geckos
  30 orcs
  2 ball pythons
  6 giant cockroaches
  2 gnoll zombies (D:2)
  22 hobgoblins
  11 jackals
  6 quokkas
  4 bats
  5 frilled lizards
  14 goblins
  41 kobolds
  A leopard gecko zombie (D:7)
  A quokka skeleton (D:4)
  5 rats
  A fungus (D:2)
  A plant (D:4)
321 creatures vanquished.

Vanquished Creatures (collateral kills)
  An orc knight (Bailey)
  An orc warrior (Bailey)
2 creatures vanquished.

Vanquished Creatures (others)
  Harold (D:10)
  An orc (D:9)
2 creatures vanquished.

Grand Total: 325 creatures vanquished

Notes
Turn   | Place    | Note
-------+----------+-------------------------------------------
     0 | D:1      | Fang the Gargoyle Berserker began the quest for the Orb.
     0 | D:1      | Reached XP level 1. HP: 14/14 MP: 1/1
   247 | D:1      | Reached XP level 2. HP: 12/19 MP: 2/2
   320 | D:1      | Reached skill level 3 in Axes
   951 | D:1      | Reached XP level 3. HP: 23/23 MP: 3/3
  1890 | D:2      | Found a basalt altar of Yredelemnul.
  1974 | D:2      | Noticed Natasha
  1983 | D:2      | Killed Natasha
  1983 | D:2      | Reached XP level 4. HP: 27/29 MP: 4/4
  2109 | D:2      | Noticed Natasha
  2116 | D:2      | Killed Natasha
  2195 | D:2      | Noticed Natasha
  2367 | D:2      | Reached XP level 5. HP: 33/33 MP: 5/5
  2367 | D:2      | Reached ** piety under Trog
  2438 | D:2      | Found a blossoming altar of Fedhas.
  2539 | D:2      | Killed Natasha
  2539 | D:2      | Reached skill level 4 in Axes
  2687 | D:2      | Noticed an oklob plant
  2785 | D:3      | Noticed Robin
  2793 | D:3      | Reached skill level 1 in Stealth
  2804 | D:3      | Killed Robin
  3498 | D:3      | Reached XP level 6. HP: 33/38 MP: 6/6
  3759 | D:3      | Found a deep blue altar of Sif Muna.
  3876 | D:4      | Found a runed door.
  3877 | D:4      | Noticed Tsarbomb's ghost (amateur HOFi)
  4021 | D:4      | Noticed Blork the orc
  4031 | D:4      | Killed Blork the orc
  4067 | D:4      | Reached skill level 5 in Axes
  4071 | D:4      | Reached *** piety under Trog
  4425 | D:4      | Gained mutation: You are resistant to hostile enchantments.
                  | (MR+) [potion of mutation]
  4425 | D:4      | Gained mutation: You have large cloven feet. [potion of
                  | mutation]
  4486 | D:4      | Reached XP level 7. HP: 37/44 MP: 7/7
  4578 | D:4      | Noticed Edmund
  4604 | D:4      | Killed Edmund
  5227 | D:4      | Noticed Grinder
  5238 | D:4      | Killed Grinder
  5238 | D:4      | Reached skill level 5 in Fighting
  5238 | D:4      | Reached skill level 6 in Axes
  5450 | D:4      | Reached XP level 8. HP: 49/49 MP: 8/8
  5458 | D:4      | Reached **** piety under Trog
  5770 | D:4      | Killed Tsarbomb's ghost
  5820 | D:5      | Entered Level 5 of the Dungeon
  5849 | D:5      | Reached skill level 7 in Axes
  6063 | D:5      | Noticed Dowan
  6064 | D:5      | Noticed Duvessa
  6073 | D:5      | Killed Dowan
  6077 | D:5      | Killed Duvessa
  6168 | D:5      | Reached skill level 8 in Axes
  6320 | D:5      | Found Kiofijo's Gadget Boutique.
  6427 | D:5      | Reached XP level 9. HP: 55/55 MP: 9/9
  6735 | D:6      | Noticed a green ugly thing
  6754 | D:6      | Killed a green ugly thing
  7075 | D:6      | Reached skill level 9 in Axes
  7137 | D:6      | Found Hariykk's Distillery.
  7707 | D:7      | Found Cadwaur's Assorted Antiques.
  7923 | D:7      | Found Byxomyrph's Antique Armour Emporium.
  8148 | D:7      | Found Kiaddeig's Magic Scroll Shoppe.
  8284 | D:7      | Reached skill level 5 in Armour
  8354 | D:7      | Reached XP level 10. HP: 63/63 MP: 10/10
  8359 | D:7      | Found Xyfih's General Store.
  8429 | D:7      | Found a bloodstained altar of Trog.
  8438 | D:7      | Reached skill level 10 in Axes
  8523 | D:7      | Reached ***** piety under Trog
  8698 | D:7      | Found a staircase to the Ecumenical Temple.
  8728 | D:7      | Found Xajuwi's Gadget Boutique.
  9067 | D:7      | Found a hide-covered altar of Uskayaw.
  9099 | Temple   | Entered the Ecumenical Temple
  9112 | D:8      | Found Zessiyli's Assorted Antiques.
  9282 | D:8      | Found a blossoming altar of Fedhas.
  9332 | D:8      | Found a flagged portal.
  9337 | Bailey   | Entered a bailey
  9386 | Bailey   | Noticed an orc knight
  9422 | Bailey   | Killed an orc knight
 10069 | D:8      | Noticed Prince Ribbit
 10077 | D:8      | Killed Prince Ribbit
 10077 | D:8      | Noticed Grum
 10096 | D:8      | Reached skill level 11 in Axes
 10117 | D:8      | Killed Grum
 10117 | D:8      | Reached XP level 11. HP: 67/69 MP: 11/11
 10176 | D:8      | Got a heavily runed ring mail
 10187 | D:8      | Identified the +1 ring mail of Goamepn {+Inv rPois Int-2
                  | Dex+6} (You found it on level 8 of the Dungeon)
 10241 | D:8      | Found a bloodstained altar of Trog.
 10387 | D:8      | Found an ancient bone altar of Kikubaaqudgha.
 10552 | D:9      | Noticed Erica
 10569 | D:9      | Killed Erica
 10659 | D:9      | Found an ornate altar of the Wu Jian Council.
 11163 | D:10     | Entered Level 10 of the Dungeon
 11368 | D:10     | Reached skill level 12 in Axes
 11477 | D:10     | Reached skill level 5 in Dodging
 11568 | D:10     | Noticed an orc knight
 11571 | D:10     | Noticed Harold
 11576 | D:10     | Killed an orc knight
 11577 | D:10     | Noticed Joseph
 11577 | D:10     | Noticed an enchanted double sword
 11581 | D:10     | Noticed a wizard
 11586 | D:10     | Killed Harold
 11597 | D:10     | Shot with a sling bullet by Joseph

Skill      XL: |  1  2  3  4  5  6  7  8  9 10 11 |
---------------+----------------------------------+-----
Axes           | 3 4 5 6 8 9 11 12 | 12.2
Dodging        | 2 3 4 5 |  5.1
Stealth        | 1 2 3 |  3.1
Fighting       | 4 5 6 7 8 9 |  9.8
Armour         | 3 5 7 |  7.8

Action                   |  1- 3 |  4- 6 |  7- 9 | 10-12 || total
-------------------------+-------+-------+-------+-------++-------
Melee: Hand axe          |   106 |   183 |   358 |   399 ||  1046
       Kick              |       |     4 |    87 |   133 ||   224
Invok: Berserk           |     2 |     4 |     8 |     6 ||    20
       Brothers in Arms  |       |       |       |     1 ||     1
  Use: Scroll            |       |     9 |    11 |     3 ||    23
       Potion            |       |     3 |     1 |     2 ||     6
 Stab: Sleeping          |     1 |       |       |       ||     1
  Eat: Chunk             |     3 |    11 |    17 |    16 ||    47
       Ration            |       |     1 |     2 |     1 ||     4
Armor: Animal skin       |    51 |    61 |     6 |       ||   118
       Skin              |       |    13 |       |       ||    13
       Ring mail         |       |       |    33 |    42 ||    75
       Plate armour      |       |       |   139 |   203 ||   342
Dodge: Dodged            |    91 |   128 |   139 |   328 ||   686
